 Dungeon Crawl Stone Soup version 0.20.1-1-g8b1a95d (console) character file.

6459 hilaritas the Basher (level 11, -2/71 HPs)
             Began as a Gargoyle Fighter on Nov 18, 2017.
             Was an Elder of Okawaru.
             Slain by an enormous slime creature (67 damage)
             ... on level 10 of the Dungeon.
             The game lasted 00:24:21 (8598 turns).

hilaritas the Basher (Gargoyle Fighter)             Turns: 8598, Time: 00:24:21

Health: -2/71      AC: 31    Str: 22    XL:     11   Next: 0%
Magic:  12/13      EV: 13    Int: 10    God:    Okawaru [****..]
Gold:   680        SH: 13    Dex:  9    Spells: 2/10 levels left

rFire    . . .     SeeInvis .   u - +0 flail (protect)
rCold    . . .     Gourm    .   c - +0 shield
rNeg     + + +     Faith    .   x - +0 acid dragon scales
rPois    ∞         Spirit   .   n - +0 helmet
rElec    +         Reflect  .   o - +1 cloak of the Butterfly {rPois rN+}
rCorr    +         Harm     .   (no gloves)
MR       +....                  G - +0 pair of boots
Stlth    ++........             (no amulet)
Regen    0.3/turn               F - ring "Volyn" {rN+ MR+ AC+3}
MPRegen  0.2/turn               (no ring)

@: heroism, protection aura
A: talons 1, low mp 1, negative energy resistance 1, electricity resistance,
wild magic 2, unbreathing, petrification resistance, rot immunity, AC +7
a: Heroism, Renounce Religion


You were on level 10 of the Dungeon.
You worshipped Okawaru.
Okawaru was greatly pleased with you.
You were not hungry.

You visited 1 branch of the dungeon, and saw 10 of its levels.
You also visited: Ossuary.

You collected 680 gold pieces.

Inventory:

Hand Weapons
 u - a +0 flail of protection (weapon)
 y - a +0 morningstar
Armour
 c - a +0 shield (worn)
 n - a +0 helmet (worn)
 o - the +1 cloak of the Butterfly (worn) {rPois rN+}
   (You found it on level 4 of the Dungeon)

   It protects you from poison.
   It protects you from negative energy.
 x - +0 acid dragon scales (worn)
 G - a +0 pair of boots (worn)
Jewellery
 m - an uncursed ring of wizardry
 r - an uncursed ring of ice
 F - the ring "Volyn" (left hand) {rN+ MR+ AC+3}
   (You acquired it on level 9 of the Dungeon)

   [ring of protection]

   It affects your AC (+3).
   It protects you from negative energy.
   It affects your resistance to hostile enchantments.
Wands
 a - a wand of acid (7/15)
 l - a wand of flame (6/48)
 D - a wand of iceblast (8/15)
 E - a wand of confusion (38/48)
 H - a wand of paralysis (15/24)
 I - a wand of acid (6/15)
Scrolls
 e - 2 scrolls of enchant weapon
 h - 6 scrolls of identify
 j - 9 scrolls of teleportation
 k - 3 scrolls of remove curse
 s - a scroll of magic mapping
Potions
 b - 3 potions of flight
 d - a potion of might
 i - a potion of agility {unknown}
 p - a potion of heal wounds {unknown}
 q - 4 potions of berserk rage
 t - 3 potions of brilliance {unknown}
 v - a potion of lignification {unknown}
 z - a potion of magic {unknown}
 A - 4 potions of curing {unknown}
 B - a potion of degeneration {unknown}
 C - 2 potions of haste {unknown}
Comestibles
 f - 4 bread rations
 g - 6 meat rations
 w - a royal jelly
 J - 2 fruits
 K - a chunk of flesh


   Skills:
 * Level 9.1(14.1) Fighting
 - Level 10.0(15.0) Maces & Flails
 + Level 4.9(9.9) Armour
 + Level 10.0(15.0) Shields
 * Level 5.3 Invocations


You had 2 spell levels left.
You knew the following spells:

 Your Spells              Type           Power        Failure   Level  Hunger
a - Regeneration          Chrm/Necr      #.........   90%         3    ####...
b - Portal Projectile     Hex/Tloc       #.....       90%         3    ####...
c - Sticks to Snakes      Tmut           #.......     73%         2    ###....


Dungeon Overview and Level Annotations

Branches:
Dungeon (10/15)            Temple (0/1) D:7            Lair (0/6) D:10
    Orc: D:9-12

Altars:
Cheibriados
Gozag
Kikubaaqudgha
Makhleb
Okawaru
Qazlal
Sif Muna
Vehumet
Yredelemnul
The Shining One


Innate Abilities, Weirdness & Mutations

You are resistant to torment.
Your stone body is resilient. (AC +7)
You are immune to poison.
You resist negative energy. (rN+)
You are resistant to electric shocks. (rElec)
You can survive without breathing.
You are immune to petrification.
You are immune to rotting.
You have sharp toenails.
Your magical capacity is low. (-10% MP)
Your spells are harder to cast, but more powerful.


Message History

The large slime creature is moderately wounded.
The large slime creature hits you!
You sock the large slime creature!
The large slime creature is moderately wounded.
The large slime creature hits you but does no damage.
You hit the large slime creature.
The large slime creature is moderately wounded.
Two slime creatures merge to form an enormous slime creature.
You sock the enormous slime creature!
The enormous slime creature is moderately wounded.
You sock the enormous slime creature!
The enormous slime creature is moderately wounded.
The enormous slime creature barely misses you.
You sock the enormous slime creature!
The enormous slime creature is moderately wounded.
You sock the enormous slime creature!
The enormous slime creature is moderately wounded.
The enormous slime creature hits you!!!
Ouch! That really hurt!
You die...

##............#.#
......#.......#.#
#......>.#...#.#
#..............#
#.##..........##
#.#...........#
#............##
###.#####.####
#.# #.#
#.######.# #.#
......J@.# #..
...####### ##


You could see an enormous slime creature.

Vanquished Creatures
  A two-headed ogre (D:9)
  An unseen horror (D:9)
  The ghost of Thaneod the Chopper, a novice MiGl (D:5)
  Maurice (D:8)
  The ghost of Regeox the Chopper, an amateur HOBe of Trog (D:4)
  A hornet (D:9)
  A troll (D:9)
  A wyvern (D:8)
  Menkaure (D:7)
  A water moccasin (D:5)
  An acid dragon (D:8)
  A porcupine (D:10)
  A sky beast (D:10)
  A hornet zombie (D:10)
  5 ice beasts
  An ogre (D:5)
  5 centaurs
  An elf zombie (Ossuary)
  4 big kobolds
  2 bullfrogs
  2 scorpions
  A killer bee (D:8)
  A wyvern skeleton (D:6)
  4 wights (D:7)
  2 crimson imps
  A quasit (D:8)
  A jelly (D:9)
  A human zombie (Ossuary)
  4 orc priests
  3 bullfrog skeletons
  3 hounds
  9 orc wizards
  5 iguanas
  6 worker ants
  A hell rat (D:10)
  2 big kobold zombies (Ossuary)
  2 mummies (Ossuary)
  A worker ant zombie (D:9)
  11 adders
  A river rat (D:10)
  An adder zombie (Ossuary)
  An adder skeleton (D:6)
  3 worms
  2 dart slugs
  6 leopard geckos
  36 orcs
  7 giant cockroaches
  10 goblins
  7 hobgoblins
  12 jackals
  24 kobolds
  13 quokkas
  A ball python (D:2)
  6 bats
  3 frilled lizards
  2 goblin zombies (Ossuary)
  11 hobgoblin zombies (Ossuary)
  A jackal zombie (Ossuary)
  6 kobold zombies (Ossuary)
  A leopard gecko skeleton (D:4)
  11 orc zombies (Ossuary)
  4 rats
  A rat zombie (Ossuary)
262 creatures vanquished.

Vanquished Creatures (collateral kills)
  A hungry ghost (D:8)
1 creature vanquished.

Vanquished Creatures (others)
  An orc wizard (D:7)
1 creature vanquished.

Grand Total: 264 creatures vanquished

Notes
Turn   | Place    | Note
-------+----------+-------------------------------------------
     0 | D:1      | hilaritas the Gargoyle Fighter began the quest for the Orb.
     0 | D:1      | Reached XP level 1. HP: 14/14 MP: 1/1
    80 | D:1      | You fall through a shaft!
   131 | D:2      | Reached XP level 2. HP: 19/19 MP: 2/2
   624 | D:2      | Reached XP level 3. HP: 21/23 MP: 3/3
  1443 | D:3      | Reached XP level 4. HP: 29/29 MP: 4/4
  1936 | D:3      | Reached XP level 5. HP: 29/33 MP: 5/5
  2292 | D:4      | Noticed Regeox's ghost (amateur HOBe)
  2311 | D:4      | Killed Regeox's ghost
  2311 | D:4      | Reached skill level 5 in Maces & Flails
  2311 | D:4      | Reached skill level 5 in Shields
  2311 | D:4      | Reached XP level 6. HP: 20/38 MP: 6/6
  2473 | D:4      | Got a translucent cloak
  2479 | D:4      | Identified the +1 cloak of the Butterfly {rPois rN+} (You found it on level 4 of the Dungeon)
  2571 | D:4      | Reached XP level 7. HP: 43/43 MP: 7/7
  3274 | D:5      | Entered Level 5 of the Dungeon
  3359 | D:5      | Found a sand-covered staircase.
  3366 | Ossuary  | Entered an ossuary
  3571 | Ossuary  | Reached XP level 8. HP: 32/48 MP: 8/8
  4117 | D:5      | Reached skill level 5 in Fighting
  4247 | D:5      | Noticed Thaneod's ghost (novice MiGl)
  4262 | D:5      | Killed Thaneod's ghost
  4264 | D:5      | Reached XP level 9. HP: 46/54 MP: 9/9
  4541 | D:5      | Found an iron altar of Okawaru.
  4545 | D:5      | Became a worshipper of Warmaster Okawaru
  4784 | D:6      | Reached skill level 1 in Invocations
  4862 | D:6      | Found a radiant altar of Vehumet.
  5167 | D:6      | Learned a level 3 spell: Regeneration
  5285 | D:6      | Found a deep blue altar of Sif Muna.
  5313 | D:6      | Found a stormy altar of Qazlal.
  5359 | D:6      | Found a burning altar of Makhleb.
  5554 | D:7      | Reached skill level 10 in Maces & Flails
  5623 | D:7      | Found a staircase to the Ecumenical Temple.
  5708 | D:7      | Reached * piety under Okawaru
  5779 | D:7      | Noticed Menkaure
  5786 | D:7      | Killed Menkaure
  6005 | D:6      | Found a basalt altar of Yredelemnul.
  6005 | D:6      | Found a glowing golden altar of the Shining One.
  6059 | D:7      | Found an opulent altar of Gozag.
  6382 | D:8      | Gained mutation: You are frail. (-10% HP) [potion of mutation]
  6382 | D:8      | Gained mutation: You are weak. (Str -2) [potion of mutation]
  6382 | D:8      | Gained mutation: Your mind is acute. (Int +2) [potion of mutation]
  6383 | D:8      | Lost mutation: Your mind is acute. (Int +2) [potion of mutation]
  6383 | D:8      | Lost mutation: You are weak. (Str -2) [potion of mutation]
  6383 | D:8      | Gained mutation: You have large cloven feet. [potion of mutation]
  6383 | D:8      | Gained mutation: Your body sometimes deteriorates upon taking damage. [potion of mutation]
  6383 | D:8      | Gained mutation: You are partially covered in iridescent scales. (AC +2) [potion of mutation]
  6384 | D:8      | Lost mutation: Your body sometimes deteriorates upon taking damage. [potion of mutation]
  6384 | D:8      | Lost mutation: You are frail. (-10% HP) [potion of mutation]
  6384 | D:8      | Lost mutation: You are partially covered in iridescent scales. (AC +2) [potion of mutation]
  6384 | D:8      | Lost mutation: You have large cloven feet. [potion of mutation]
  6384 | D:8      | Gained mutation: You occasionally shout uncontrollably at your foes. [potion of mutation]
  6384 | D:8      | Gained mutation: Scrolls take you a little longer to read. [potion of mutation]
  6384 | D:8      | Gained mutation: You are somewhat resistant to further mutation. [potion of mutation]
  6385 | D:8      | Lost mutation: You are somewhat resistant to further mutation. [potion of mutation]
  6385 | D:8      | Lost mutation: Scrolls take you a little longer to read. [potion of mutation]
  6385 | D:8      | Lost mutation: You occasionally shout uncontrollably at your foes. [potion of mutation]
  6385 | D:8      | Gained mutation: Your spells are a little harder to cast, but a little more powerful. [potion of mutation]
  6385 | D:8      | Gained mutation: You have sharp toenails. [potion of mutation]
  6385 | D:8      | Gained mutation: Your magical capacity is low. (-10% MP) [potion of mutation]
  6385 | D:8      | Gained mutation: Your spells are harder to cast, but more powerful. [potion of mutation]
  6514 | D:8      | Noticed Maurice
  6531 | D:8      | Killed Maurice
  6531 | D:8      | Reached ** piety under Okawaru
  6531 | D:8      | Reached XP level 10. HP: 64/64 MP: 8/11
  6838 | D:8      | Learned a level 3 spell: Portal Projectile
  7007 | D:9      | Identified a scroll of acquirement
  7008 | D:9      | Got a translucent amber ring
  7009 | D:9      | Identified the ring "Volyn" {rN+ MR+ AC+3} (You acquired it on level 9 of the Dungeon)
  7123 | D:9      | Killed an unseen horror
  7123 | D:9      | Reached *** piety under Okawaru
  7419 | D:9      | Learned a level 2 spell: Sticks to Snakes
  7895 | D:9      | Noticed a two-headed ogre
  7907 | D:9      | Killed a two-headed ogre
  7907 | D:9      | Reached **** piety under Okawaru
  7907 | D:9      | Reached skill level 5 in Invocations
  8181 | D:9      | Found an ancient bone altar of Kikubaaqudgha.
  8181 | D:9      | Found a snail-covered altar of Cheibriados.
  8342 | D:10     | Entered Level 10 of the Dungeon
  8481 | D:10     | Reached skill level 10 in Shields
  8481 | D:10     | Reached XP level 11. HP: 53/71 MP: 13/13
  8571 | D:10     | Found a staircase to the Lair.
  8598 | D:10     | Slain by an enormous slime creature

Skill      XL: |  1  2  3  4  5  6  7  8  9 10 |
---------------+-------------------------------+-----
Maces & Flails | 3 4 5 7 9 10 | 10.0
Shields        | 4 5 6 8 10 | 10.0
Fighting       | 4 5 7 9 |  9.1
Invocations    | 3 5 |  5.3
Armour         | 4 |  4.9

Action                   |  1- 3 |  4- 6 |  7- 9 | 10-12 || total
-------------------------+-------+-------+-------+-------++-------
Melee: Flail             |   135 |   179 |   745 |   225 ||  1284
       Kick              |       |       |     3 |    42 ||    45
Invok: Heroism           |       |       |     1 |     3 ||     4
Evoke: Wand              |       |       |       |    11 ||    11
  Use: Scroll            |       |     6 |     4 |     2 ||    12
       Potion            |       |     1 |     5 |       ||     6
  Eat: Chunk             |     2 |     3 |    11 |     4 ||    20
       Bread ration      |       |       |     1 |       ||     1
       Royal jelly       |       |       |       |     2 ||     2
       Fruit             |       |       |       |     1 ||     1
Armor: Scale mail        |    68 |       |       |       ||    68
       Chain mail        |    19 |       |       |       ||    19
       Plate armour      |       |   126 |   407 |    23 ||   556
       Acid dragon scale |       |       |       |   141 ||   141
Dodge: Dodged            |    37 |    18 |   102 |    61 ||   218
Block: Shield            |    69 |    83 |   365 |   146 ||   663
